TOP OF THE 1ST |
Indianapolis Indians batting - Pitching for Memphis Redbirds : RHP Roberto Duron
|
Pitching: RHP Roberto Duron
|
|
Batting: RHB Hugo Zacarias
|
0-0: Called Strike 0-1: Foul Ball, location: 2F 0-2: Ball 1-2: Strikes out looking
|
Batting: LHB Alberto Figueroa
|
0-0: Called Strike 0-1: Foul Ball, location: 2F 0-2: Ball 1-2: Ball 2-2: Ball 3-2: Base on Balls
|
Batting: RHB Alain Marquet
|
0-0: Ball 1-0: Called Strike 1-1: SINGLE (Groundball, 34D, EV 97.5 MPH) Alberto Figueroa to second Runner from 2nd tries for 3rd, OUT! 9-5
|
Batting: LHB Phil DeCamp
|
0-0: Ball 1-0: Called Strike 1-1: Swinging Strike 1-2: Foul Ball, location: 2F 1-2: Strikes out looking
|
Top of the 1st over - 0 runs, 1 hit, 0 errors, 1 left on base; Indianapolis 0 - Memphis 0 |
BOTTOM OF THE 1ST |
Memphis Redbirds batting - Pitching for Indianapolis Indians : RHP Kyle Davis
|
Pitching: RHP Kyle Davis
|
|
Batting: LHB Tsutomu Miyahara
|
0-0: Ball 1-0: Ball 2-0: Called Strike 2-1: Called Strike 2-2: Ball 3-2: Base on Balls
|
Batting: RHB Ricky Yerzy
|
0-0: Ball 1-0: Fly out, F9 (Line Drive, 9LM, EV 109.4 MPH)
|
Batting: RHB Tyler Walker
|
0-0: Called Strike Tsutomu Miyahara steals 2nd base 0-1: Swinging Strike 0-2: Ball 1-2: Strikes out swinging
|
Batting: SHB Gerardo Macias
|
0-0: SINGLE (Flyball, 9S, EV 86.2 MPH) Tsutomu Miyahara to third Runner from 3rd tries for Home, SAFE, throw by RF to home
|
Batting: RHB Andres Mendiola
|
0-0: Foul Ball, location: 2F 0-1: Called Strike 0-2: Foul Ball, location: 2F 0-2: Ball 1-2: SINGLE (Line Drive, 8LS, EV 103.1 MPH) Gerardo Macias to second
|
Batting: RHB Jeff Long
|
0-0: Ball 1-0: Ball 2-0: Called Strike 2-1: TRIPLE (Groundball, 3L, EV 94.4 MPH) Gerardo Macias scores Andres Mendiola scores
|
Batting: RHB Josh Martin
|
0-0: Called Strike 0-1: Called Strike 0-2: Strikes out looking
|
Bottom of the 1st over - 3 runs, 3 hits, 0 errors, 1 left on base; Indianapolis 0 - Memphis 3 |
TOP OF THE 2ND |
Indianapolis Indians batting - Pitching for Memphis Redbirds : RHP Roberto Duron
|
Batting: LHB Jorge Quintana
|
0-0: Ground out U3 (Groundball, 3, EV 88.8 MPH)
|
Batting: RHB Richard Barrios
|
0-0: Ground out 1-3 (Groundball, 13S, EV 69.4 MPH)
|
Batting: RHB Brandon White
|
0-0: Ball 1-0: Ball 2-0: Ball 3-0: Base on Balls
|
Batting: RHB Steve Terres
|
0-0: Ball 1-0: Ball 2-0: Foul Ball, location: 2F 2-1: Called Strike 2-2: Foul Ball, location: 2F 2-2: SINGLE (Flyball, 8LS, EV 85.0 MPH) Brandon White to second
|
Batting: RHB Nick Wicker
|
0-0: Swinging Strike 0-1: Foul Ball, location: 2F 0-2: Ball 1-2: Ball 2-2: Ball 3-2: Foul Ball, location: 2F 3-2: Base on Balls Brandon White to third Steve Terres to second
|
Batting: RHB Hugo Zacarias
|
0-0: Ball 1-0: Called Strike 1-1: Foul Ball, location: 2F 1-2: Foul Ball, location: 2F 1-2: Ball 2-2: Ground out 2-3 (Groundball, 2R, EV 68.8 MPH)
|
Top of the 2nd over - 0 runs, 1 hit, 0 errors, 3 left on base; Indianapolis 0 - Memphis 3 |
BOTTOM OF THE 2ND |
Memphis Redbirds batting - Pitching for Indianapolis Indians : RHP Kyle Davis
|
Batting: RHB Joe LaDue
|
0-0: SOLO HOME RUN (Line Drive, 7D, EV 95.6 MPH), Distance : 372 ft
|
Batting: RHB Juan Martinez
|
0-0: Ball 1-0: Called Strike 1-1: Foul Ball, location: 2F 1-2: Ball 2-2: Foul Ball, location: 2F 2-2: Foul Ball, location: 2F 2-2: Ball 3-2: Foul Ball, location: 2F 3-2: Fly out, F3 (Popup, 3F, EV 72.5 MPH)
|
Batting: LHB Tsutomu Miyahara
|
0-0: Ball 1-0: Fly out, F9 (Flyball, 9S, EV 80.6 MPH)
|
Batting: RHB Ricky Yerzy
|
0-0: Ball 1-0: Ball 2-0: Ball 3-0: Base on Balls
|
Batting: RHB Tyler Walker
|
0-0: Foul Ball, location: 2F 0-1: Ball 1-1: Swinging Strike 1-2: Ball 2-2: Strikes out swinging
|
Bottom of the 2nd over - 1 run, 1 hit, 0 errors, 1 left on base; Indianapolis 0 - Memphis 4 |
TOP OF THE 3RD |
Indianapolis Indians batting - Pitching for Memphis Redbirds : RHP Roberto Duron
|
Batting: LHB Alberto Figueroa
|
0-0: Ball 1-0: Ball 2-0: Foul Ball, location: 2F 2-1: Ball 3-1: Foul Ball, location: 2F 3-2: Foul Ball, location: 2F 3-2: Base on Balls
|
Batting: RHB Alain Marquet
|
0-0: Called Strike 0-1: Swinging Strike 0-2: Ball 1-2: Strikes out looking
|
Batting: LHB Phil DeCamp
|
0-0: Called Strike 0-1: DOUBLE (Line Drive, 7LD, EV 103.1 MPH) Alberto Figueroa to third
|
Batting: LHB Jorge Quintana
|
0-0: Called Strike 0-1: SINGLE (Groundball, 5L, EV 85.0 MPH) (infield hit) Alberto Figueroa scores Phil DeCamp to third
|
Batting: RHB Richard Barrios
|
0-0: Called Strike 0-1: Ball 1-1: Foul Ball, location: 2F 1-2: Grounds into double play, 6-4-3 (Groundball, 6, EV 90.0 MPH)
|
Top of the 3rd over - 1 run, 2 hits, 0 errors, 1 left on base; Indianapolis 1 - Memphis 4 |
BOTTOM OF THE 3RD |
Memphis Redbirds batting - Pitching for Indianapolis Indians : RHP Kyle Davis
|
Batting: SHB Gerardo Macias
|
0-0: Ball 1-0: Called Strike 1-1: Ball 2-1: Called Strike 2-2: Fly out, F9 (Line Drive, 9S, EV 103.1 MPH)
|
Batting: RHB Andres Mendiola
|
0-0: Ball 1-0: Reached via error on a dropped throw from 1B, E1 (Groundball, 34S, EV 62.5 MPH)
|
Batting: RHB Jeff Long
|
0-0: Ball 1-0: Fly out, F7 (Flyball, 7LM, EV 98.8 MPH)
|
Batting: RHB Josh Martin
|
0-0: SINGLE (Line Drive, 6MD, EV 100.6 MPH) Andres Mendiola to second
|
Batting: RHB Joe LaDue
|
0-0: Ball 1-0: Called Strike 1-1: Ball 2-1: Foul Ball, location: 2F 2-2: Ball 3-2: Ground out 6-3 (Groundball, 6, EV 90.0 MPH)
|
Bottom of the 3rd over - 0 runs, 1 hit, 1 error, 2 left on base; Indianapolis 1 - Memphis 4 |
TOP OF THE 4TH |
Indianapolis Indians batting - Pitching for Memphis Redbirds : RHP Roberto Duron
|
Batting: RHB Brandon White
|
0-0: Ground out 6-3 (Groundball, 56, EV 102.5 MPH)
|
Batting: RHB Steve Terres
|
0-0: Ball 1-0: Ball 2-0: Called Strike 2-1: Ball 3-1: Ground out 4-3 (Groundball, 34, EV 105.0 MPH)
|
Batting: RHB Nick Wicker
|
0-0: Ball 1-0: Ball 2-0: Ground out 3-1 (Groundball, 34S, EV 84.4 MPH)
|
Top of the 4th over - 0 runs, 0 hits, 0 errors, 0 left on base; Indianapolis 1 - Memphis 4 |
BOTTOM OF THE 4TH |
Memphis Redbirds batting - Pitching for Indianapolis Indians : RHP Kyle Davis
|
Batting: RHB Juan Martinez
|
0-0: Ball 1-0: Ground out 4-3 (Groundball, 13, EV 85.6 MPH)
|
Batting: LHB Tsutomu Miyahara
|
0-0: Called Strike 0-1: Ground out 4-3 (Groundball, 4, EV 103.8 MPH)
|
Batting: RHB Ricky Yerzy
|
0-0: Swinging Strike 0-1: Foul Ball, location: 2F 0-2: Foul Ball, location: 2F 0-2: Foul Ball, location: 2F 0-2: Foul Ball, location: 2F 0-2: Strikes out looking
|
Bottom of the 4th over - 0 runs, 0 hits, 0 errors, 0 left on base; Indianapolis 1 - Memphis 4 |
TOP OF THE 5TH |
Indianapolis Indians batting - Pitching for Memphis Redbirds : RHP Roberto Duron
|
Batting: RHB Hugo Zacarias
|
0-0: Called Strike 0-1: Swinging Strike 0-2: Ball 1-2: Foul Ball, location: 2F 1-2: Strikes out swinging, 2-3 out at first.
|
Batting: LHB Alberto Figueroa
|
0-0: Called Strike 0-1: Called Strike 0-2: Ball 1-2: Foul Ball, location: 2F 1-2: Foul Ball, location: 2F 1-2: Ball 2-2: Foul Ball, location: 2F 2-2: Ball 3-2: Strikes out swinging
|
Batting: RHB Alain Marquet
|
0-0: Ball 1-0: Ball 2-0: Foul Ball, location: 2F 2-1: Swinging Strike 2-2: Ball 3-2: Strikes out swinging
|
Top of the 5th over - 0 runs, 0 hits, 0 errors, 0 left on base; Indianapolis 1 - Memphis 4 |
BOTTOM OF THE 5TH |
Memphis Redbirds batting - Pitching for Indianapolis Indians : RHP Kyle Davis
|
Batting: RHB Tyler Walker
|
0-0: Ball 1-0: Foul Ball, location: 2F 1-1: Ball 2-1: Ball 3-1: Base on Balls
|
Batting: SHB Gerardo Macias
|
0-0: Called Strike 0-1: Fielders Choice at 2nd, 3-6 (Groundball, 3, EV 88.1 MPH)
|
Batting: RHB Andres Mendiola
|
0-0: Ball 1-0: Foul Ball, location: 2F 1-1: Ball 2-1: Called Strike 2-2: Foul Ball, location: 2F 2-2: Ball 3-2: Foul Ball, location: 2F 3-2: Foul Ball, location: 2F 3-2: Base on Balls Gerardo Macias to second
|
Pitching: RHP Justin Ashton
|
|
Batting: RHB Jeff Long
|
0-0: Hit by Pitch Gerardo Macias to third Andres Mendiola to second
|
Batting: RHB Josh Martin
|
0-0: Ball 1-0: Fly out, F8 (Flyball, 8LD, EV 86.9 MPH) Runner from 3rd tags up, SCORES, throw by CF
|
Batting: RHB Joe LaDue
|
0-0: Ball 1-0: Swinging Strike 1-1: Swinging Strike 1-2: Ball 2-2: Foul Ball, location: 2F 2-2: Foul Ball, location: 2F 2-2: Strikes out swinging
|
Bottom of the 5th over - 1 run, 0 hits, 0 errors, 2 left on base; Indianapolis 1 - Memphis 5 |
TOP OF THE 6TH |
Indianapolis Indians batting - Pitching for Memphis Redbirds : RHP Roberto Duron
|
Batting: LHB Phil DeCamp
|
0-0: Ball 1-0: Ground out U3 (Groundball, 34, EV 106.9 MPH)
|
Pitching: LHP Michael Twigg
|
|
Batting: LHB Jorge Quintana
|
0-0: Called Strike 0-1: Ball 1-1: TRIPLE (Line Drive, 78XD, EV 110.0 MPH)
|
Batting: RHB Richard Barrios
|
0-0: Ball Steal of home, Jorge Quintana is safe 1-0: Swinging Strike 1-1: Swinging Strike 1-2: Ball 2-2: Strikes out swinging, 2-3 out at first.
|
Batting: RHB Brandon White
|
0-0: Called Strike 0-1: Swinging Strike 0-2: Strikes out swinging
|
Top of the 6th over - 1 run, 1 hit, 0 errors, 0 left on base; Indianapolis 2 - Memphis 5 |
BOTTOM OF THE 6TH |
Memphis Redbirds batting - Pitching for Indianapolis Indians : RHP Justin Ashton
|
Batting: RHB Juan Martinez
|
0-0: Called Strike 0-1: Ball 1-1: Ground out 6-3 (Groundball, 6M, EV 96.9 MPH)
|
Batting: LHB Tsutomu Miyahara
|
0-0: Ball 1-0: Called Strike 1-1: Ball 2-1: Foul Ball, location: 2F 2-2: Ball 3-2: Foul Ball, location: 2F 3-2: SINGLE (Flyball, 3D, EV 88.1 MPH)
|
Batting: RHB Ricky Yerzy
|
0-0: Ball 1-0: Ball 2-0: Called Strike 2-1: 2-RUN HOME RUN (Flyball, 7D, EV 100.0 MPH), Distance : 372 ft
|
Batting: RHB Tyler Walker
|
0-0: Called Strike 0-1: Called Strike 0-2: Ball 1-2: Strikes out swinging
|
Batting: SHB Gerardo Macias
|
0-0: Fly out, F8 (Flyball, 8LXD, EV 103.1 MPH)
|
Bottom of the 6th over - 2 runs, 2 hits, 0 errors, 0 left on base; Indianapolis 2 - Memphis 7 |
TOP OF THE 7TH |
Indianapolis Indians batting - Pitching for Memphis Redbirds : LHP Michael Twigg
|
Batting: RHB Steve Terres
|
0-0: Foul Ball, location: 2F 0-1: Ball 1-1: Ball 2-1: Ground out U3 (Groundball, 34, EV 88.1 MPH)
|
Batting: RHB Nick Wicker
|
0-0: Ball 1-0: Swinging Strike 1-1: Fly out, F9 (Flyball, 9, EV 88.8 MPH)
|
Batting: RHB Hugo Zacarias
|
0-0: Swinging Strike 0-1: Ball 1-1: Foul Ball, location: 2F 1-2: Foul Ball, location: 2F 1-2: Foul Ball, location: 2F 1-2: Foul Ball, location: 2F 1-2: Strikes out swinging
|
Top of the 7th over - 0 runs, 0 hits, 0 errors, 0 left on base; Indianapolis 2 - Memphis 7 |
BOTTOM OF THE 7TH |
Memphis Redbirds batting - Pitching for Indianapolis Indians : RHP Justin Ashton
|
Batting: RHB Andres Mendiola
|
0-0: Ball 1-0: Ball 2-0: Ball 3-0: Base on Balls
|
Batting: RHB Jeff Long
|
0-0: Ball 1-0: Called Strike 1-1: Ball 2-1: Fly out, F8 (Flyball, 8RS, EV 90.6 MPH)
|
Batting: RHB Josh Martin
|
0-0: Called Strike 0-1: Called Strike 0-2: Foul Ball, location: 2F 0-2: Fielders Choice at 2nd, 6-4 (Groundball, 56, EV 83.8 MPH)
|
Batting: RHB Joe LaDue
|
0-0: Ball 1-0: Ball 2-0: Foul Ball, location: 2F 2-1: Called Strike Josh Martin steals 2nd, throwing error, E2 Josh Martin to third 2-2: Foul Ball, location: 2F 2-2: Strikes out looking
|
Bottom of the 7th over - 0 runs, 0 hits, 1 error, 1 left on base; Indianapolis 2 - Memphis 7 |
TOP OF THE 8TH |
Indianapolis Indians batting - Pitching for Memphis Redbirds : LHP Michael Twigg
|
Batting: LHB Alberto Figueroa
|
0-0: Called Strike 0-1: Ground out 1-3 (Groundball, 23, EV 65.6 MPH)
|
Batting: RHB Alain Marquet
|
0-0: Called Strike 0-1: Swinging Strike 0-2: Ball 1-2: Foul Ball, location: 2F 1-2: SINGLE (Flyball, 4MD, EV 87.5 MPH)
|
Batting: LHB Phil DeCamp
|
0-0: Ball 1-0: Ball 2-0: Foul Ball, location: 2F 2-1: Fly out, F8 (Line Drive, 8RM, EV 101.9 MPH)
|
Batting: LHB Jorge Quintana
|
0-0: Fly out, F7 (Line Drive, 7, EV 95.6 MPH)
|
Top of the 8th over - 0 runs, 1 hit, 0 errors, 1 left on base; Indianapolis 2 - Memphis 7 |
BOTTOM OF THE 8TH |
Memphis Redbirds batting - Pitching for Indianapolis Indians : RHP Justin Ashton
|
Batting: RHB Juan Martinez
|
0-0: Foul Ball, location: 2F 0-1: Swinging Strike 0-2: Strikes out swinging
|
Batting: LHB Tsutomu Miyahara
|
0-0: Reached on error, E4 (Groundball, 4, EV 107.5 MPH)
|
Batting: RHB Ricky Yerzy
|
0-0: Ball 1-0: Called Strike Tsutomu Miyahara steals 3rd base 1-1: Called Strike 1-2: Ground out 4-3 (Groundball, 4, EV 83.1 MPH) Tsutomu Miyahara scores
|
Batting: RHB Tyler Walker
|
0-0: Ball 1-0: Ball 2-0: Ball 3-0: Base on Balls
|
Batting: SHB Gerardo Macias
|
0-0: Ground out 4-3 (Groundball, 4S, EV 85.0 MPH)
|
Bottom of the 8th over - 1 run, 0 hits, 1 error, 1 left on base; Indianapolis 2 - Memphis 8 |
TOP OF THE 9TH |
Indianapolis Indians batting - Pitching for Memphis Redbirds : LHP Michael Twigg
|
Batting: RHB Richard Barrios
|
0-0: Ball 1-0: Foul Ball, location: 2F 1-1: Foul Ball, location: 2F 1-2: Ball 2-2: SINGLE (Flyball, 6D, EV 89.4 MPH)
|
Batting: RHB Brandon White
|
0-0: Called Strike 0-1: Ball 1-1: Foul Ball, location: 2F 1-2: DOUBLE (Line Drive, 78M, EV 90.6 MPH) Richard Barrios to third
|
Batting: RHB Steve Terres
|
0-0: Called Strike 0-1: Called Strike 0-2: Ball 1-2: Foul Ball, location: 2F 1-2: Foul Ball, location: 2F 1-2: Fly out, F8 (Flyball, 8LS, EV 77.5 MPH)
|
Pitching: LHP John Roe
|
|
Batting: RHB Nick Wicker
|
0-0: Called Strike 0-1: Swinging Strike 0-2: Ball 1-2: Strikes out swinging
|
Batting: RHB Hugo Zacarias
|
0-0: Ball 1-0: Ball 2-0: Foul Ball, location: 2F 2-1: DOUBLE (Line Drive, 9LS, EV 104.4 MPH) Richard Barrios scores Brandon White scores
|
Batting: LHB Alberto Figueroa
|
0-0: Called Strike 0-1: Swinging Strike 0-2: Ball 1-2: Foul Ball, location: 2F 1-2: SINGLE (Line Drive, 9S, EV 101.2 MPH) Hugo Zacarias to third
|
Pitching: RHP Josh Sabatino
|
|
Batting: RHB Alain Marquet
|
0-0: Called Strike 0-1: Swinging Strike 0-2: Foul Ball, location: 2F 0-2: Ball 1-2: Strikes out swinging
|
Top of the 9th over - 2 runs, 4 hits, 0 errors, 2 left on base; Indianapolis 4 - Memphis 8 |
|